 Dungeon Crawl Stone Soup version 0.22-a0-240-g539252a (webtiles) character file.

1 Amnesiac the Charlatan (level 1, 0/9 HPs)
             Began as a Spriggan Artificer on Feb 21, 2018.
             Was an Initiate of Gozag.
             Slain by a bat (1 damage)
             ... on level 1 of the Dungeon.
             The game lasted 00:01:25 (340 turns).

Amnesiac the Charlatan (Spriggan Artificer)          Turns: 340, Time: 00:01:26

Health: 0/9        AC:  2    Str:  8    XL:     1   Next: 16%
Magic:  4/4        EV: 18    Int: 12    God:    Gozag
Gold:   5          SH:  0    Dex: 16    Spells: 0/0 levels left

rFire    . . .     SeeInvis +   j - -3 spear (curse)
rCold    . . .     Gourm    .   (shield restricted)
rNeg     . . .     Faith    .   b - +0 robe
rPois    .         Spirit   .   (helmet restricted)
rElec    .         Reflect  .   (no cloak)
rCorr    .         Harm     .   (gloves unavailable)
MR       .....                  (boots unavailable)
Stlth    ++........             (no amulet)
HPRegen  0.03/turn              (no ring)
MPRegen  0.09/turn              (no ring)

@: very quick
A: very small, unfitting armour, see invisible, herbivore, speed 3, slow
metabolism 2
a: Potion Petition, Call Merchant, Bribe Branch, Renounce Religion


You were on level 1 of the Dungeon.
You worshipped Gozag.
Gozag was noncommittal.
You were not hungry.

You visited 1 branch of the dungeon, and saw 3 of its levels.

You collected 56 gold pieces.
You paid 51 gold pieces to Gozag.

Inventory:

Hand Weapons
 a - a +1 short sword
 j - a cursed -3 spear (weapon)
Armour
 b - a +0 robe (worn)
Jewellery
 g - an uncursed amulet of guardian spirit {unknown}
 h - a cursed -3 ring of evasion {unknown}
Wands
 c - a wand of flame (15)
 d - a wand of enslavement (15)
 e - a wand of random effects (15)
Potions
 i - a potion of flight {!q, unknown}
Comestibles
 f - 3 rations


   Skills:
 + Level 0.7 Fighting
 + Level 1.1 Short Blades
 + Level 3.0 Dodging
 + Level 1.5 Stealth
 * Level 4.0 Evocations


You couldn't memorise any spells.
You didn't know any spells.

Dungeon Overview and Level Annotations

Branches:
Dungeon (3/15)

Altars:
Gozag


Innate Abilities, Weirdness & Mutations

You are very small and have problems with some larger weapons.
You are too small for most types of armour.
You have supernaturally acute eyesight. (SInv)
You are a herbivore.
You cover ground extremely quickly.
You need consume almost no food.


Message History

Found 11 gold pieces.
There is an opulent altar of Gozag here.
You kneel at the altar of Gozag.
Gozag welcomes you!
You pay a service fee of 51 gold.
Gozag offers you a free set of potion effects!
Found 19 gold pieces.
Found a white potion.
You see here a white potion {!q}.
i - a white potion {!q} A goblin comes into view.
Found a mace.
You see here a mace.
A worm comes into view.
There is a stone staircase leading up here.
You climb upwards.
There is a stone staircase leading down here.
The ooze barely misses you.
There is a stone staircase leading up here.
The ooze hits you but does no damage.
You climb upwards.
The bat barely misses you. The bat hits you but does no damage.
The hobgoblin barely misses you. The bat closely misses you.
The rat closely misses you. The hobgoblin completely misses you.
There is a stone staircase leading down here.
The bat misses you. The ooze closely misses you. The bat misses you.
The ball python bites you but does no damage.
The ball python barely misses you. The bat hits you but does no damage.
The bat misses you. The bat hits you but does no damage.
A bat comes into view.
A jackal comes into view.
The bat misses you.
A jackal comes into view.
The bat barely misses you. The bat closely misses you.
The jackal barks!
The bat barely misses you.
The jackal barks!
The bat misses you. The bat closely misses you. The bat hits you.
The goblin hits you with a club.
* * * LOW HITPOINT WARNING * * *
The bat barely misses you. The bat closely misses you.
The ball python barely misses you. The ball python misses you.
The bat closely misses you. The bat hits you.
* * * LOW HITPOINT WARNING * * *
The ball python bites you.
* * * LOW HITPOINT WARNING * * *
The ball python closely misses you. The bat misses you.
The bat closely misses you.
A bat comes into view.
The bat closely misses you. The jackal closely misses you.
The bat completely misses you. The jackal closely misses you.
The bat hits you but does no damage. The bat barely misses you.
The bat closely misses you. The bat misses you. The bat closely misses you. x2
The bat hits you.
* * * LOW HITPOINT WARNING * * *
The bat hits you but does no damage. x2; The bat hits you.
You die...
Your body crumbles into a pile of gold.

#>.>.# #....# .# #....#
$.. #....# ..# #....#
#># #....# ##..##.
#....############.......
.......#.gJ....b#.......
###........g.h.b@.......
##........Sh.b#.......
#.........w..........
########................
.... #........##.####.
.... #........# ... ....
#........# ... ....
#.....................##
....
#########..............#


You could see an ooze, a dart slug, 2 jackals, a hobgoblin, a goblin, 3 bats and
a ball python.

Vanquished Creatures
  A bat (D:1)
1 creature vanquished.

Notes
Turn   | Place    | Note
-------+----------+-------------------------------------------
     0 | D:1      | Amnesiac the Spriggan Artificer began the quest for the Orb.
     0 | D:1      | Reached XP level 1. HP: 9/9 MP: 4/4
   276 | D:3      | Found an opulent altar of Gozag.
   282 | D:3      | Became a worshipper of Gozag Ym Sagoz the Greedy
   340 | D:1      | Slain by a bat

Vault maps used:
D:1:      minmay_arrival_solitary_statue, corexii_corridor_pit
D:2:      nicolae_qazlal_style_of_elements, lemuel_doored_altar,
          lemuel_crystal_altar, chequers_ecumenical_altar_lobes, first_ration,
          uniq_terence
D:3:      nicolae_gozag_cash_rules_everything_around_me,
          yredelemnul_forgotten_temple_becter, cheibrodos_ashenzari_chains,
          uniq_robin

Action                   || total
-------------------------++-------
Melee: Short sword       ||     8
  Use: Scroll            ||     2
Armor: Robe              ||     9
Dodge: Dodged            ||    56

Table legend:
 A = Spawn XP
 B = Non-spawn XP
 C = Spawn XP percentage of total XP
 D = Spawn monster count
 E = Non-spawn monster count
 F = Spawn count percentage of total count
 G = Total turns spent on level
                    A         B        C        D         E        F      G
               +---------+---------+-------+---------+---------+-------+---------
         Total |       0 |       2 |   0.0 |       0 |       1 |   0.0 |   340
               +---------+---------+-------+---------+---------+-------+---------
           D:1 |       0 |       2 |   0.0 |       0 |       1 |   0.0 |   232
               +---------+---------+-------+---------+---------+-------+---------
